[Event "*** Titled Tuesday Blitz"]
[Site "Chess.com"]
[Date "2020.03.03"]
[Round "4"]
[White "MartinMatthiesen"]
[Black "LittlePeasant"]
[Result "1/2-1/2"]
[WhiteElo "2605"]
[BlackElo "2803"]
[TimeControl "180+1"]
[EndTime "13:40:29 PST"]
[Termination "Game drawn by repetition"]

1. d4 Nf6 2. c4 e6 3. Nf3 d5 4. Nc3 dxc4 5. e4 b5 6. e5 Nd5 7.
Nxb5 Nb6 8. Be2 Nc6 9. O-O Be7 10. Qd2 Bb7 11. Qf4 Qd7 12. Qg3 g5 13. Bxg5 Rg8 14. Qf4 Bxg5 15. Nxg5 O-O-O 16. Bf3 a6 17. Bxc6 Bxc6 18.
Na7+ Kb8 19. Nxc6+ Qxc6 20. Nf3 Nd5 21. Qe4 h5 22. h3 Rg7 23. Kh2 Rdg8 24. Rg1 Qb7 25. Rac1 Qc6 26. Nd2 Rg4 27. hxg4 Rxg4 28. Qh7 Rh4+ 29.
Kg3 Rg4+ 30. Kh2 Rh4+ 31. Kg3 Rg4+ 32. Kh2 1/2-1/2

[Event "*** Titled Tuesday Blitz"]
[Site "Chess.com"]
[Date "2020.03.03"]
[Round "4"]
[White "almaguerjm"]
[Black "Mikhail_Golubev"]
[Result "1/2-1/2"]
[WhiteElo "2317"]
[BlackElo "2501"]
[TimeControl "180+1"]
[EndTime "13:40:29 PST"]
[Termination "Game drawn by repetition"]

1. d4 Nf6 2. Nc3 d5 3. Bf4 c5 4. e3 cxd4 5. exd4 a6 6. Bd3 Nc6 7. Nge2 Bg4 8. f3 Bh5 9. a3 Bg6 10. Qd2 e6 11. g4 Bxd3 12. Qxd3 Bd6 13. O-O Bxf4 14. Nxf4 Qd6 15. Qe3 g5 16. Nd3 h5 17.
Qxg5 hxg4 18. Ne5 Nd7 19. Nxg4 Nxd4 20. Rad1 Nc6 21. Nxd5 exd5 22. Rxd5 Qe7 23. Qxe7+ Nxe7 24. Re1 Rd8 25. Rd4 Kf8 26. Nf6 Nxf6 27. Rxd8+ Ne8 28. c4 Rg8+ 29. Kf2 Rg6 30. b4 Rc6 31. c5 b6 32. cxb6 Rxb6 33. Re5 Rh6 34. Kg2 Rg6+ 35.
Kf2 Rh6 36. Kg2 Rg6+ 37. Kf2 Rh6 1/2-1/2

[Event "*** Titled Tuesday Blitz"]
[Site "Chess.com"]
[Date "2020.03.03"]
[Round "4"]
[White "djano"]
[Black "josiwales"]
[Result "1-0"]
[WhiteElo "2371"]
[BlackElo "2518"]
[TimeControl "180+1"]
[EndTime "13:40:30 PST"]
[Termination "djano won by resignation"]

1. e4 c5 2. Nf3 Nc6 3. Bb5 g6 4. O-O Bg7 5. Re1 Nf6 6. Nc3 O-O 7. e5 Ne8 8. Bxc6 bxc6 9. d3 d5 10. Na4 Qa5 11. b3 c4 12. dxc4 dxc4 13. Ba3 Nc7 14.
Bxe7 Re8 15. Bf6 Bg4 16. Bxg7 Kxg7 17. h3 Bxf3 18. Qxf3 Rxe5 19. Re4 Rae8 20. Rxc4 Rf5 21. Qc3+ Qxc3 22. Nxc3 Re6 23. Rd1 Ne8 24. Re4 Nf6 25.
Rxe6 fxe6 26. Ne2 c5 27. c4 Re5 28. Nf4 g5 29. Nd3 Re2 30. Nxc5 Rxa2 31. Nxe6+ Kg6 32. c5 Rc2 33. b4 Ne4 34. f3 Ng3 35. Kh2 Nf5 36. Nd4 Rxg2+ 37. Kxg2 Ne3+ 38. Kg1 Nxd1 39. c6 1-0

[Event "*** Titled Tuesday Blitz"]
[Site "Chess.com"]
[Date "2020.03.03"]
[Round "4"]
[White "Jbd735"]
[Black "VFernandezB"]
[Result "1-0"]
[WhiteElo "2482"]
[BlackElo "2270"]
[TimeControl "180+1"]
[EndTime "13:40:31 PST"]
[Termination "Jbd735 won by checkmate"]

1. e4 e6 2. d4 d5 3. Nc3 Bb4 4. e5 c5 5. a3 Bxc3+ 6. bxc3 Qa5 7. Qd2 b6 8. Nf3 Ba6 9. Bd3 Bxd3 10. cxd3 Nd7 11. O-O Ne7 12. Re1 Rc8 13. Qg5 Ng6 14. Bd2 h6 15. Qg3 Qa4 16. h4 Rg8 17. h5 Ne7 18.
Qf4 cxd4 19. Nxd4 Nc5 20. Qf3 Qa6 21. Re3 Rf8 22. a4 Nxa4 23. Qd1 b5 24. Nxb5 Qxb5 25. Qxa4 Qxa4 26. Rxa4 Nc6 27. Re1 Kd7 28. f4 Rb8 29. Be3 Rb7 30. Rea1 Rc8 31. Bxa7 Ra8 32. Be3 Rxa4 33.
Rxa4 Rb1+ 34. Kf2 Rb3 35. c4 Rxd3 36. cxd5 Rxd5 37. Kf3 Rb5 38. Ra8 Rb3 39. Rg8 Nd4+ 40.
Ke4 Nf5 41. Bf2 Rb2 42. Kf3 Rb3+ 43. Ke4 Ng3+ 44. Kd4 Ke7 45. Ra8 Nf5+ 46. Ke4 Rb4+ 47. Kf3 Rb7 48. Bc5+ Kd7 49. g4 Kc7 50. gxf5 Rb6 51.
Bxb6+ Kxb6 52. Rf8 Kc6 53. Rxf7 Kd5 54. fxe6 Kxe6 55.
Rxg7 Kd5 56. Rg6 Kd4 57. Rxh6 Kd3 58. e6 Kc4 59. e7 Kd5 60. e8=Q Kc5 61. Rh7 Kd4 62.
Rd7+ Kc3 63. Qc8+ Kb3 64. Rb7+ Ka3 65. Qa8# 1-0

[Event "*** Titled Tuesday Blitz"]
[Site "Chess.com"]
[Date "2020.03.03"]
[Round "4"]
[White "Fuerza777"]
[Black "Keithonsky"]
[Result "0-1"]
[WhiteElo "2206"]
[BlackElo "2438"]
[TimeControl "180+1"]
[EndTime "13:40:32 PST"]
[Termination "Keithonsky won on time"]

1. d4 Nf6 2. c4 e6 3. g3 d5 4. Nf3 Be7 5. Bg2 O-O 6. O-O dxc4 7. Qc2 a6 8. a4 Bd7 9. Rd1 Bc6 10. Nc3 Nbd7 11. e4 b5 12. d5 exd5 13. e5 Ne8 14. Nxd5 Bxd5 15. Rxd5 c6 16. Rd1 Qc8 17.
Bh3 Ra7 18. e6 fxe6 19. Bxe6+ Kh8 20. Ne5 Nef6 21. Qf5 g6 22. Nxg6+ hxg6 23. Qh3+ Nh7 24. Bxd7 Qb8 25. Bf4 Qb6 26. Be5+ Bf6 27. Bxf6+ Rxf6 28.
Rd2 Kg7 29. Re1 Qc5 30. Qh4 Ng5 31. Kg2 Nf7 32. Re8 Qg5 33. Qxg5 Nxg5 34. Re7+ Rf7 35. Rxf7+ Nxf7 36. Bxc6 Ne5 37. axb5 axb5 38. Bxb5 Rb7 39. Be8 Kf6 40. f4 Nd3 41. Ba4 Nxb2 42. Bc2 c3 43.
Re2 Nc4 44. Kf3 Rb2 45. g4 Nd2+ 46. Ke3 Rxc2 47. Kd3 Rc1 48. g5+ Kf5 49. Re5+ Kxf4 50. Rc5 Ne4 51. Rc4 Rd1+ 52. Kc2 Rd2+ 53. Kc1 Rxh2 54.
Rc6 Kxg5 55. Rc5+ Nxc5 0-1

[Event "*** Titled Tuesday Blitz"]
[Site "Chess.com"]
[Date "2020.03.03"]
[Round "4"]
[White "atbenina64"]
[Black "mbojan"]
[Result "1-0"]
[WhiteElo "2486"]
[BlackElo "2668"]
[TimeControl "180+1"]
[EndTime "13:40:34 PST"]
[Termination "atbenina64 won by checkmate"]

1. c4 Nf6 2. Nc3 g6 3. e4 Bg7 4. d4 O-O 5. Be2 d6 6. Be3 e5 7.
d5 c6 8. Qd2 cxd5 9. cxd5 Na6 10. Bxa6 bxa6 11. f3 a5 12. Nge2 Ba6 13. O-O Qd7 14.
Rac1 Rab8 15. b3 Rfc8 16. Na4 Bb5 17. Nac3 Ba6 18. Rc2 Nh5 19. Rfc1 f5 20. Na4 Rxc2 21. Rxc2 fxe4 22. fxe4 Rb4 23. Nac3 Nf6 24. Ng3 h5 25. Bg5 Rd4 26. Qe1 Qg4 27. Be3 Rd3 28. h3 Qd7 29. Nh1 Rxc3 30. Qxc3 Nxe4 31. Qc6 Bb5 32. Qxd7 Bxd7 33.
Rc7 Bb5 34. Rxa7 a4 35. bxa4 Bc4 36. a5 Bxd5 37. a6 Nc5 38. Bxc5 dxc5 39. Rd7 Bc6 40. a7 e4 41. a8=Q+ Bxa8 42. Rd8+ Kf7 43. Rxa8 Bd4+ 44.
Kf1 Ke6 45. Ke2 Kf5 46. Rf8+ Kg5 47. Ng3 e3 48. Ne4+ Kh4 49. Rf4# 1-0

[Event "*** Titled Tuesday Blitz"]
[Site "Chess.com"]
[Date "2020.03.03"]
[Round "4"]
[White "NeverEverForever1990"]
[Black "Karacsonyi_Gellert"]
[Result "0-1"]
[WhiteElo "2356"]
[BlackElo "2594"]
[TimeControl "180+1"]
[EndTime "13:40:34 PST"]
[Termination "Karacsonyi_Gellert won by resignation"]

1. e4 c5 2. Nf3 Nc6 3. Bb5 g6 4. O-O Bg7 5. Re1 e5 6. b4 cxb4 7. a3 b3 8. cxb3 Nge7 9. Nc3 d6 10. a4 O-O 11. d3 Bg4 12. h3 Bxf3 13. Qxf3 Nd4 14.
Qd1 a6 15. Bc4 Qd7 16. Be3 b5 17. axb5 axb5 18. Bd5 Rxa1 19. Qxa1 Nc2 20. Qc1 Nxe1 21. Qxe1 b4 22. Na4 Nxd5 23. exd5 Qb5 24. Qd2 f5 25. Bg5 Qxd5 26. Qxb4 Qxd3 27. Be7 Re8 28. Bxd6 e4 29. Bf4 Qd1+ 30. Kh2 Qd5 31. Nb6 Qe6 32. Qc4 Qxc4 33. Nxc4 Rc8 34. Nd6 Rb8 35. Nxf5 Rxb3 36. Nxg7 Kxg7 37.
Be3 Kf6 38. g4 Ke5 39. Kg3 Rb1 40. Kg2 Kd5 41. h4 Kc4 42. h5 gxh5 43. gxh5 Kd3 44. h6 Re1 45. Bf4 Kc4 46. Kg3 Rg1+ 47. Kh2 Rg6 48.
Be3 Kd3 49. Kh3 Ke2 50. Kh4 Kf3 51. Kh5 Rg2 52. Bd4 Rxf2 53. Bxf2 Kxf2 54. Kg5 e3 55. Kf6 e2 56. Kg7 e1=Q 57. Kxh7 Qe7+ 58. Kg8 Qg5+ 59. Kh7 Kf3 60. Kh8 Qxh6+ 61. Kg8 Qe6+ 62. Kg7 Kf4 0-1

[Event "*** Titled Tuesday Blitz"]
[Site "Chess.com"]
[Date "2020.03.03"]
[Round "4"]
[White "Playgood28"]
[Black "brutoman"]
[Result "1-0"]
[WhiteElo "2252"]
[BlackElo "1942"]
[TimeControl "180+1"]
[EndTime "13:40:34 PST"]
[Termination "Playgood28 won on time"]

1. d4 Nf6 2. c4 e6 3. Nc3 Bb4 4. Qc2 c5 5. dxc5 Nc6 6. Nf3 Bxc5 7. a3 a5 8. e3 O-O 9. Be2 d5 10. cxd5 Nxd5 11. Nxd5 Qxd5 12. Bc4 Qd6 13. O-O b6 14. Rd1 Qe7 15. b3 Bb7 16. Bb2 Rfd8 17. Bd3 f5 18.
Qc3 Rac8 19. Bb5 Na7 20. Rxd8+ Rxd8 21. Be2 Ba8 22. Ne5 Bd6 23. Rd1 Bd5 24. Nc4 Bc7 25. Bf3 Nb5 26. Qc1 Bxf3 27. Rxd8+ Qxd8 28. gxf3 Nd6 29.
a4 Nxc4 30. Qxc4 Qd6 31. h3 1-0

[Event "*** Titled Tuesday Blitz"]
[Site "Chess.com"]
[Date "2020.03.03"]
[Round "4"]
[White "PrinceMurad09"]
[Black "cottage_cheese"]
[Result "0-1"]
[WhiteElo "2503"]
[BlackElo "2349"]
[TimeControl "180+1"]
[EndTime "13:40:35 PST"]
[Termination "cottage_cheese won by checkmate"]

1. e4 e5 2. Nf3 Nc6 3. Bc4 Bc5 4. O-O Nf6 5. d3 d6 6. h3 h6 7. a3 a5 8. Be3 Bxe3 9. fxe3 Qe7 10. Nc3 Be6 11. Nd5 Bxd5 12. Bxd5 Nxd5 13. exd5 Nb8 14. Qe1 Nd7 15. Qg3 O-O 16. Nh4 Qg5 17. Qxg5 hxg5 18. Nf5 g6 19. Ng3 f5 20. e4 f4 21. Nh1 Kg7 22.
Nf2 Nf6 23. b4 a4 24. b5 b6 25. Rab1 Rh8 26. Rb4 Rh4 27. Rc4 Ra7 28. d4 exd4 29.
Rxd4 g4 30. Nxg4 Nxg4 31. hxg4 Rxg4 32. Rf3 Kf6 33. Rc4 Ke5 34. Rfc3 Rg3 35. Rxg3 fxg3 36. Kf1 Ra5 37. Rb4 g5 38. Ke2 g4 39. Ke3 Ra8 40.
Rc4 Rf8 41. Rxc7 Rf2 42. Re7+ Kf6 43. Re6+ Kf7 44. Rxd6 Rxg2 45. Rd7+ Ke8 46. Rg7 Rxc2 47. Rxg4 Rc3+ 48. Kd4 Rxa3 49. d6 Rb3 50. e5 Rb4+ 51. Kd5 Rxg4 52. e6 Kd8 53. Kc6 Rc4+ 54. Kxb6 a3 55. Kb7 a2 56. e7+ Kd7 57. e8=Q+ Kxe8 58.
b6 Kd7 59. Kb8 a1=Q 60. b7 Qb2 61. Ka8 Ra4+ 62. Kb8 Rb4 63. Ka8 Rb6 64. b8=Q Rxb8+ 65. Ka7 Qb7# 0-1

[Event "*** Titled Tuesday Blitz"]
[Site "Chess.com"]
[Date "2020.03.03"]
[Round "4"]
[White "ajian"]
[Black "ehrenfeld"]
[Result "1-0"]
[WhiteElo "2320"]
[BlackElo "2479"]
[TimeControl "180+1"]
[EndTime "13:40:35 PST"]
[Termination "ajian won on time"]

1. d4 f5 2. g3 Nf6 3. Bg2 g6 4. Nf3 Bg7 5. O-O O-O 6. c4 d6 7.
Nc3 c6 8. b3 Na6 9. Bb2 Qc7 10.
Rc1 e5 11. dxe5 dxe5 12. e4 Nc5 13. exf5 Bxf5 14. Ba3 Rfd8 15. Qe2 Nd3 16. Rc2 e4 17. Nh4 Re8 18. Nxf5 gxf5 19. Qe3 Qa5 20. Bd6 Rad8 21. c5 f4 22. Bxf4 Qxc5 23. Qxc5 Nxc5 24. Be3 Nd3 25. Bxa7 Nd5 26. Nxe4 Ra8 27. Bc5 Nxc5 28. Nxc5 Nb4 29. Rc4 Nxa2 30. Nxb7 Rab8 31. Bxc6 Rec8 32. Nd6 Rf8 33.
Bd5+ Kh8 34. Nf7+ Kg8 35. Nh6+ Kh8 36. Nf7+ Kg8 37. Ne5+ Kh8 38. Nd7 1-0

[Event "*** Titled Tuesday Blitz"]
[Site "Chess.com"]
[Date "2020.03.03"]
[Round "4"]
[White "aquaticpineapples"]
[Black "davserr65"]
[Result "0-1"]
[WhiteElo "2248"]
[BlackElo "2081"]
[TimeControl "180+1"]
[EndTime "13:40:36 PST"]
[Termination "davserr65 won by resignation"]

1. d4 Nf6 2. Nf3 g6 3. Nbd2 d5 4. e3 Bg7 5. b4 a5 6. b5 b6 7. c4 Bb7 8. Bb2 O-O 9. Be2 c6 10. bxc6 Nxc6 11. O-O Rc8 12. Qb3 Ba6 13. Rfe1 dxc4 14.
Bxc4 Bb7 15. Ng5 e6 16. Bxe6 fxe6 17. Nxe6 Qe7 18. Ba3 Nb4 19. Bxb4 axb4 20. Nxf8+ Kxf8 21. Rec1 Re8 22. Nc4 Nd5 23. a3 bxa3 24. Nxb6 Nxb6 25.
Qxb6 Qe4 26. Qc5+ Kg8 27. Qg5 h6 28. Qg3 Bf8 29. Rc7 Bd6 30. f3 Bxg3 31. fxe4 Bxc7 0-1

[Event "*** Titled Tuesday Blitz"]
[Site "Chess.com"]
[Date "2020.03.03"]
[Round "4"]
[White "boasovietica"]
[Black "Resignify"]
[Result "1-0"]
[WhiteElo "2480"]
[BlackElo "2208"]
[TimeControl "180+1"]
[EndTime "13:40:37 PST"]
[Termination "boasovietica won on time"]

1. e4 d6 2. d4 Nf6 3. f3 Nbd7 4. Ne2 e5 5. Be3 Be7 6. c4 h6 7. Nbc3 c6 8. Qd2 Nh7 9. g3 Nb6 10. b3 Ng5 11. Bg2 Bh3 12. O-O Bxg2 13. Kxg2 h5 14.
f4 exf4 15. gxf4 Ne6 16. d5 Nc7 17. Rad1 c5 18. e5 Qd7 19. Kh1 h4 20. a4 Qf5 21.
Qd3 Qxd3 22. Rxd3 Nd7 23. Ne4 Na6 24. exd6 Bf6 25. Nxf6+ Nxf6 26. Nc3 O-O-O 27. Nb5 Kb8 28. f5 Rhe8 29. Bg5 Rd7 30. Bxh4 Nb4 31. Rg3 a6 32. Nc7 Re4 33. Bxf6 gxf6 34. Rg8+ Ka7 35. a5 b6 36.
axb6+ Kxb6 37. Ne8 Nd3 38. Nxf6 Rxd6 39. Nxe4 Rh6 40. Rg2 1-0

[Event "*** Titled Tuesday Blitz"]
[Site "Chess.com"]
[Date "2020.03.03"]
[Round "4"]
[White "Barcelona_Guy"]
[Black "ChessLover0108"]
[Result "0-1"]
[WhiteElo "2581"]
[BlackElo "2765"]
[TimeControl "180+1"]
[EndTime "13:40:38 PST"]
[Termination "ChessLover0108 won by resignation"]

1. e4 c5 2. Nf3 d6 3. d4 cxd4 4.
Nxd4 Nf6 5. Nc3 a6 6. g3 e5 7. Nde2 Be7 8. Bg2 b5 9. Nd5 Nxd5 10. Qxd5 Ra7 11. Qd3 Be6 12. Be3 Rb7 13. Nc3 Nd7 14. Nd5 Bxd5 15. Qxd5 Qc8 16. O-O Nf6 17. Qd3 O-O 18.
Rfc1 Rc7 19. c3 h6 20. a4 Rc4 21.
axb5 axb5 22. Ra5 b4 23. Bf1 Rc7 24. Raa1 bxc3 25. bxc3 Qb7 26. Ra7 Qc6 27. Rxc7 Qxc7 28. c4 Rb8 29. Rb1 Rxb1 30. Qxb1 Nd7 31. Qb5 Bg5 32. f4 exf4 33. gxf4 Bf6 34. Bh3 Nf8 35. Qd5 Qb8 36. c5 dxc5 37. e5 Be7 38. f5 Qb1+ 39.
Kg2 Qc2+ 40. Kg1 c4 41. e6 fxe6 42. fxe6 c3 43. Qf3 Qg6+ 44. Kh1 c2 45. Bf5 Qf6 46. Kg2 Qb2 47. Bh7+ Kxh7 0-1

[Event "*** Titled Tuesday Blitz"]
[Site "Chess.com"]
[Date "2020.03.03"]
[Round "4"]
[White "Galiev_Azat"]
[Black "LucaBrasi1968"]
[Result "0-1"]
[WhiteElo "2280"]
[BlackElo "2481"]
[TimeControl "180+1"]
[EndTime "13:40:39 PST"]
[Termination "LucaBrasi1968 won on time"]

1. d4 f5 2. Bf4 Nf6 3. e3 e6 4. h3 d6 5. Nf3 Be7 6. Bd3 O-O 7.
Nbd2 Nc6 8. Qe2 Qe8 9. O-O-O Bd8 10. Bg5 Nb4 11. Bc4 d5 12. Bb3 a5 13. c3 a4 14.
cxb4 axb3 15. Nxb3 Rxa2 16. Bxf6 Bxf6 17. Kb1 Qa4 18. Qd3 Bd7 19. Nfd2 Ra8 20. Qc3 Bc6 21. Kc2 Be7 22. Ra1 Qxb4 23. Rxa2 Rxa2 24. Qxb4 Bxb4 25. Nf3 Bb5 26. Ra1 Rxa1 27. Nxa1 Bf1 28. Ng5 Bxg2 29. Nxe6 Bd6 30. h4 b6 31. Nb3 h6 32. Nd2 Kf7 33. Nd8+ Ke7 34. Nb7 Bh2 35.
Kd3 Kd7 36. f3 Kc8 37. Nc5 bxc5 38. dxc5 Bg3 39. h5 Be1 0-1

[Event "*** Titled Tuesday Blitz"]
[Site "Chess.com"]
[Date "2020.03.03"]
[Round "4"]
[White "Marcus_Harvey"]
[Black "Zq1"]
[Result "1-0"]
[WhiteElo "2749"]
[BlackElo "2570"]
[TimeControl "180+1"]
[EndTime "13:40:40 PST"]
[Termination "Marcus_Harvey won on time"]

1. d4 d5 2. c4 e6 3. Nf3 Nf6 4. Nc3 Be7 5. Bg5 h6 6. Bh4 O-O 7. e3 b6 8. cxd5 Nxd5 9. Bxe7 Qxe7 10. Rc1 Bb7 11. Be2 Rc8 12. O-O Nd7 13. Nxd5 exd5 14.
Qb3 c5 15. dxc5 Nxc5 16. Qa3 a5 17. Nd4 Qf6 18. Bf3 Ne4 19. Qd3 Rc5 20. Bxe4 dxe4 21. Qd2 Rac8 22. Rxc5 Rxc5 23. Rc1 Qd6 24. Rxc5 Qxc5 25.
a3 Qc4 26. b3 Qc5 27. b4 axb4 28. axb4 Qc4 29. b5 g6 30. h3 h5 31. Qb2 Bd5 32.
Qa3 Qc5 33. Qxc5 bxc5 34. Nc6 Kf8 35. Na5 c4 36. Kf1 c3 37. Ke1 Ke7 38. b6 Kd6 39. Kd1 h4 40. Kc2 g5 41. Kxc3 f5 42. Kd4 g4 43. b7 1-0

[Event "*** Titled Tuesday Blitz"]
[Site "Chess.com"]
[Date "2020.03.03"]
[Round "4"]
[White "Keaton87"]
[Black "Gahan-MG"]
[Result "0-1"]
[WhiteElo "2631"]
[BlackElo "2503"]
[TimeControl "180+1"]
[EndTime "13:40:43 PST"]
[Termination "Gahan-MG won by resignation"]

1. d4 Nf6 2. Bg5 d5 3. Nd2 h6 4. Bh4 c6 5. e3 Nbd7 6. f4 e6 7.
Ngf3 Be7 8. Bd3 c5 9. c3 Qb6 10. Rb1 Qa5 11. a3 b6 12. O-O Ba6 13. b4 Qxa3 14.
Rb3 Qa4 15. b5 c4 16. bxa6 cxb3 17. Nxb3 Qc6 18. Ne5 Qxc3 19. Bb5 Qxe3+ 20. Kh1 Rd8 21. Bxf6 Bxf6 22. Nxd7 Rxd7 23. Re1 Qxf4 24. Qh5 g6 25.
Qh3 Ke7 26. Bxd7 Kxd7 27. Qd3 Qd6 28. Rc1 Ke7 29. Qc3 Rd8 30. g3 Kf8 31. Qc7 Qd7 32.
Qxd7 Rxd7 33. Rc8+ Ke7 34. Rb8 Kd6 35. Kg2 Kc7 36.
Ra8 Kc6 37. Kf3 Kb5 38. g4 Kxa6 39. Rh8 Bxh8 0-1

[Event "*** Titled Tuesday Blitz"]
[Site "Chess.com"]
[Date "2020.03.03"]
[Round "4"]
[White "MiroMiljkovic"]
[Black "MathiasWomacka"]
[Result "1-0"]
[WhiteElo "2568"]
[BlackElo "2393"]
[TimeControl "180+1"]
[EndTime "13:40:43 PST"]
[Termination "MiroMiljkovic won by checkmate"]

1. d4 Nf6 2. c4 e6 3. Nc3 Bb4 4. Qc2 c5 5. dxc5 O-O 6. Nf3 Na6 7. a3 Bxc3+ 8. Qxc3 Nxc5 9. b4 Nce4 10. Qb2 Ng4 11. h3 Ngxf2 12. Rh2 Qc7 13. g4 Qxc4 14. Be3 d6 15. Bxf2 Nxf2 16. Rxf2 e5 17. Rc1 Qe4 18. Bg2 Qe3 19. Rc3 Qb6 20. Ng5 Be6 21. Qc2 g6 22.
Rc7 Rac8 23. Rc3 Rxc3 24. Qxc3 Rc8 25. Qd2 Kg7 26. Bd5 Re8 27. Bxe6 fxe6 28. Qc2 Re7 29. Qc8 Kh6 30. h4 Qe3 31. Qf8+ Rg7 32. Nf7# 1-0

[Event "*** Titled Tuesday Blitz"]
[Site "Chess.com"]
[Date "2020.03.03"]
[Round "4"]
[White "Vyacheslav_N"]
[Black "goldenspine"]
[Result "1-0"]
[WhiteElo "2546"]
[BlackElo "2347"]
[TimeControl "180+1"]
[EndTime "13:40:46 PST"]
[Termination "Vyacheslav_N won by resignation"]

1. e4 c6 2. d4 d5 3. Nd2 dxe4 4.
Nxe4 Nd7 5. Bc4 Ndf6 6. Ng5 e6 7.
Ne2 h6 8. Nf3 Bd6 9. O-O Ne7 10.
Nf4 Nfd5 11. Nd3 Qc7 12. h3 Ng6 13. Bb3 O-O 14. c4 Nf6 15. Bc2 c5 16. dxc5 Bxc5 17.
b4 Be7 18. c5 a5 19. Bd2 axb4 20. Bxb4 Nd5 21. a3 Rd8 22. Qe1 Bd7 23. Rd1 Bb5 24. Nd4 Bc4 25. Bb3 Bxd3 26. Rxd3 Bxc5 27. Qc1 b6 28. Nb5 Qc6 29. Bc4 Bxb4 30. axb4 Nxb4 31. Rxd8+ Rxd8 32. Be2 Qxc1 33. Rxc1 Ne5 34. Na3 Rd2 35. Bf1 Nd5 36. Rb1 Nd3 37. Nc4 Rxf2 38. Bxd3 f6 39. Nxb6 Ne3 40. Kxf2 1-0

[Event "*** Titled Tuesday Blitz"]
[Site "Chess.com"]
[Date "2020.03.03"]
[Round "4"]
[White "Willychess95"]
[Black "Sanan_Sjugirov"]
[Result "1-0"]
[WhiteElo "2622"]
[BlackElo "2820"]
[TimeControl "180+1"]
[EndTime "13:40:47 PST"]
[Termination "Willychess95 won by checkmate"]

1. e4 g6 2. d4 Bg7 3. Be3 d6 4. Nc3 a6 5. f3 b5 6. Qd2 Nd7 7.
O-O-O Nb6 8. a3 c6 9. g4 a5 10.
d5 b4 11. Nb1 c5 12. h4 h5 13.
g5 Bd7 14. c4 Ba4 15. Nh3 Bb3 16. f4 Bxc4 17. Bd3 Bb3 18. Bb5+ Kf8 19. f5 gxf5 20.
exf5 Be5 21. g6 Bc4 22. Bc6 Ba6 23. gxf7 Nf6 24. Ng5 Qc8 25. Qg2 Ng4 26. Be8 Kg7 27. Ne6+ Kh7 28. f6 Nxf6 29. Qg7# 1-0

[Event "*** Titled Tuesday Blitz"]
[Site "Chess.com"]
[Date "2020.03.03"]
[Round "4"]
[White "moro182"]
[Black "Aleksey_Sorokin"]
[Result "1-0"]
[WhiteElo "2705"]
[BlackElo "2847"]
[TimeControl "180+1"]
[EndTime "13:40:49 PST"]
[Termination "moro182 won by resignation"]

1. d4 Nf6 2. c4 e6 3. Nc3 Bb4 4. Nf3 O-O 5. Bg5 h6 6. Bh4 c5 7. Rc1 cxd4 8. Nxd4 Nc6 9. e3 b6 10. Be2 Bb7 11. Bf3 e5 12. Nf5 Re8 13. O-O Bxc3 14. Rxc3 e4 15. Be2 Re5 16. Nd6 Rb8 17. Bg3 Re6 18.
a3 Ne5 19. b4 Qf8 20. Nb5 a6 21. Nd4 Ree8 22. c5 bxc5 23. bxc5 Rbc8 24. Qc1 Nd5 25.
Rc2 f5 26. Rd1 g5 27. Bxe5 Rxe5 28. c6 Bxc6 29. Nxc6 dxc6 30. Rxc6 Rxc6 31. Qxc6 Nf6 32. Qxa6 Kg7 33. a4 Qa3 34. Qa7+ Re7 35. Qa5 Qa2 36. Bf1 f4 37. exf4 gxf4 38. Qc5 Rf7 39. Qd4 Qc2 40. Re1 Rd7 41. Qe5 Rd2 42. Qxf4 Rd7 43. a5 Qc3 44. Qg3+ Kf8 45. Qxc3 1-0

[Event "*** Titled Tuesday Blitz"]
[Site "Chess.com"]
[Date "2020.03.03"]
[Round "4"]
[White "DonPreuss"]
[Black "Arystanner"]
[Result "1/2-1/2"]
[WhiteElo "2206"]
[BlackElo "2720"]
[TimeControl "180+1"]
[EndTime "13:40:49 PST"]
[Termination "Game drawn by repetition"]

1. Nc3 g6 2. e4 c5 3. Bc4 Bg7 4. f4 e6 5. Nf3 Ne7 6. d3 Nbc6 7. a3 d6 8. O-O O-O 9. Qe1 a6 10. Qh4 b5 11. Ba2 Nd4 12. f5 Nxf3+ 13. Rxf3 exf5 14. Bh6 Nc6 15. Bg5 Qa5 16. Nd5 fxe4 17. Nf6+ Bxf6 18. Bxf6 h5 19. Qg5 Kh7 20. Rg3 Nd4 21. Bxd4 Bg4 22. Rxg4 cxd4 23. Rh4 e3 24. Rf1 e2 25. Rxh5+ gxh5 26. Qxh5+ Kg7 27. Qg5+ Kh7 28. Qh5+ Kg7 29. Qg5+ Kh7 30. Qh5+ 1/2-1/2

[Event "*** Titled Tuesday Blitz"]
[Site "Chess.com"]
[Date "2020.03.03"]
[Round "4"]
[White "CrushingKings"]
[Black "FedaMaster"]
[Result "1-0"]
[WhiteElo "2206"]
[BlackElo "2420"]
[TimeControl "180+1"]
[EndTime "13:40:49 PST"]
[Termination "CrushingKings won by checkmate"]

1. e4 Nf6 2. e5 Nd5 3. c4 Nb6 4. d4 d6 5. exd6 exd6 6. Nc3 Be7 7. Be3 O-O 8. Bd3 Re8 9. Nge2 Bg5 10.
Bxg5 Qxg5 11. O-O Nc6 12. Nb5 Re7 13. Ng3 a6 14. Nc3 Bg4 15. Qb1 Nxd4 16. Bxh7+ Kh8 17. Be4 f5 18. Bxb7 Rb8 19. Qd3 c5 20. Bd5 f4 21.
Nge4 Qg6 22. f3 Bh3 23. Rf2 Bf5 24. Re1 Rbe8 25. Qd2 Qh6 26. Rff1 g5 27. Nf2 Nc2 28. Rxe7 Rxe7 29. Be4 Bc8 30. Qxc2 Nxc4 31. Nd5 Ne3 32.
Nxe3 fxe3 33. Qc3+ Re5 34. Nd3 e2 35. Re1 g4 36. Nxe5 dxe5 37. Qxe5+ Kg8 38. Bd5+ Kf8 39. Qxe2 Qg6 40. Qe7# 1-0

[Event "*** Titled Tuesday Blitz"]
[Site "Chess.com"]
[Date "2020.03.03"]
[Round "4"]
[White "gemarin"]
[Black "Teidi96"]
[Result "1/2-1/2"]
[WhiteElo "2100"]
[BlackElo "2269"]
[TimeControl "180+1"]
[EndTime "13:40:52 PST"]
[Termination "Game drawn by repetition"]

1. d4 Nf6 2. c4 g6 3. Nc3 d5 4. Nf3 Bg7 5. Qb3 dxc4 6. Qxc4 O-O 7. Bf4 Na6 8. e4 c6 9. a3 Bg4 10. Be2 Rc8 11. O-O c5 12. d5 Nd7 13. Rfd1 Bxf3 14. gxf3 Ne5 15. Qb3 Qb6 16. Qxb6 axb6 17. Rac1 Rfd8 18.
b3 h6 19. Na4 Rd6 20. Rc2 g5 21. Bg3 b5 22. Nb2 b4 23. a4 Nb8 24. Bxe5 Bxe5 25.
Nc4 Nd7 26. Nxd6 exd6 27. Bb5 Nf6 28. Kf1 Ra8 29. h3 Nh5 30. Bd7 Nf4 31. Bf5 Kf8 32.
Rdc1 Ke7 33. Rd1 Bd4 34. Rc4 Be5 35. Rd2 b6 36. Rd1 Rb8 37. Rc2 Ra8 38. Rb1 Kf6 39.
Rd1 Ke7 40. Rdd2 Kd8 41. Rd1 Kc7 42. Rdd2 Kb7 43. Rd1 Rb8 44. Ra2 Ra8 45. Rdd2 Kc7 46.
Rd1 Kb7 47. Rdd2 Kc7 48. Rdc2 Bd4 49. Rd2 Be5 1/2-1/2

[Event "*** Titled Tuesday Blitz"]
[Site "Chess.com"]
[Date "2020.03.03"]
[Round "4"]
[White "praveenb2002"]
[Black "VALPARAISO37"]
[Result "1-0"]
[WhiteElo "2630"]
[BlackElo "2412"]
[TimeControl "180+1"]
[EndTime "13:40:53 PST"]
[Termination "praveenb2002 won by checkmate"]

1. e4 e5 2. Nf3 Nc6 3. Bb5 g6 4. O-O Bg7 5. c3 Nge7 6. d4 exd4 7. cxd4 O-O 8. d5 a6 9. Ba4 Na5 10.
Bd2 Nc4 11. Bb3 Nxd2 12. Qxd2 d6 13. Nc3 b5 14. Rfe1 Bg4 15. Qf4 Bxf3 16. Qxf3 Rb8 17. Rac1 c5 18. dxc6 Nxc6 19. Bd5 Ne5 20. Qe2 h5 21. f4 Ng4 22. h3 Qb6+ 23. Kh1 Nf6 24. Bb3 Rbe8 25. Qd3 b4 26. e5 bxc3 27. exf6 Bxf6 28.
Rxe8 d5 29. Rxf8+ Kxf8 30. Qxd5 Qc7 31. bxc3 Kg7 32. f5 g5 33. Qf3 Kh6 34. Bd1 g4 35. hxg4 Qe5 36. g5+ Kxg5 37. Qxh5+ Kf4 38. Qg4+ Ke3 39. Qf3+ Kd2 40. Qf2+ Kd3 41. Qc2+ Kc4 42.
Qa4+ Kd3 43. Bc2+ Kd2 44. Rd1+ Ke2 45. Qxa6+ Kf2 46. Qf1+ Kg3 47. Rd3+ Kh4 48. Rh3+ Kg5 49. Qc1+ Kg4 50. Bd1+ Kxf5 51. Rh5+ Ke6 52. Bb3+ Kd6 53. Qd2+ Ke7 54. Rxe5+ Bxe5 55. Qd5 f6 56. Qe6+ Kd8 57. Ba4 Kc7 58. Qc6+ Kb8 59. Bb5 Ka7 60. Ba6 Bc7 61. Qb7# 1-0

[Event "*** Titled Tuesday Blitz"]
[Site "Chess.com"]
[Date "2020.03.03"]
[Round "4"]
[White "violetflower04"]
[Black "FrenchMonster2002"]
[Result "1-0"]
[WhiteElo "2160"]
[BlackElo "2401"]
[TimeControl "180+1"]
[EndTime "13:40:53 PST"]
[Termination "violetflower04 won by resignation"]

1. e4 c5 2. Nf3 Nc6 3. d4 cxd4 4.
Nxd4 e5 5. Nb5 d6 6. c4 Be7 7. Be2 f5 8. N1c3 a6 9. Na3 Nf6 10. exf5 Bxf5 11. O-O O-O 12. Be3 Qd7 13. f4 Rae8 14.
Nc2 Bd8 15. Qd2 exf4 16. Bxf4 Bb6+ 17. Kh1 Bc5 18. Bf3 Kh8 19. Rad1 Ne5 20. Bxe5 Rxe5 21. a3 a5 22. Nb5 Ne4 23. Bxe4 Rxe4 24. Nxd6 Bxd6 25.
Qxd6 Qxd6 26. Rxd6 Ree8 27. Nd4 Bd3 28. Rxf8+ Rxf8 29.
h3 Bxc4 30. Rd7 b5 31. b3 Bd3 32. Ne6 Rf1+ 33. Kh2 Rg1 34. Kxg1 h5 35. Rxd3 1-0